 Dungeon Crawl Stone Soup version 0.27-a0-562-g0d39f094a4 (webtiles) character file.

Game seed: 3095010609573627164

125 sahdkjhfkaj the Magician (level 4, -2/24 HPs)
             Began as a Deep Elf Ice Elementalist on Mar 9, 2021.
             Killed by divine providence
             ... invoked by an orc priest
              (15 damage)
             ... on level 3 of the Dungeon.
             The game lasted 00:02:24 (2342 turns).

sahdkjhfkaj the Magician (DEIE)                     Turns: 2342, Time: 00:02:24

Health: -2/24      AC:  2    Str:  5    XL:     4   Next: 82%
Magic:  8/14       EV: 12    Int: 21    God:
Gold:   87         SH:  0    Dex: 15    Spells: 11/15 levels left

rFire    . . .     SeeInvis .   (no weapon)
rCold    . . .     Faith    .   (no shield)
rNeg     . . .     Spirit   .   a - +0 robe
rPois    .         Reflect  .   (no helmet)
rElec    .         Harm     .   (no cloak)
rCorr    .         Rampage  .   (no gloves)
Will     +....                  (no boots)
Stlth    ++........             (no amulet)
HPRegen  0.08/turn              e - ring of willpower
MPRegen  0.14/turn              (no ring)

@: frozen ramparts
A: no striking features
a: no special abilities


You were on level 3 of the Dungeon.
You visited 1 branch of the dungeon, and saw 3 of its levels.

You collected 87 gold pieces.

Inventory:

Armour
 a - a +0 robe (worn)
Jewellery
 e - a ring of willpower (left hand)
 h - a ring of flight
Scrolls
 b - a scroll of fear {unknown}
 k - a scroll of identify {unknown}
Potions
 c - a potion of cancellation {unknown}
 d - a potion of haste {unknown}
 f - a potion of curing {unknown}
 g - a potion of attraction {unknown}
 i - a potion of might {unknown}
 j - a potion of flight {unknown}
 l - a potion of degeneration {unknown}


   Skills:
 - Level 2.4 Dodging
 - Level 2.4 Stealth
 - Level 6.0 Spellcasting
 + Level 5.2 Ice Magic


You had 11 spell levels left.
You knew the following spells:

 Your Spells              Type           Power      Damage    Failure   Level
a - Freeze                Ice            100%       1d11      1%          1
f - Frozen Ramparts       Ice            56%        1d7       3%          3

Your spell library contained the following spells:

 Spells                   Type           Power      Damage    Failure   Level
 Ozocubu's Armour         Ice            28%        N/A       3%          3
 Hailstorm                Conj/Ice       17%        3d6       32%         4
 Summon Ice Beast         Ice/Summ       17%        N/A       32%         4


Dungeon Overview and Level Annotations

Branches:
Dungeon (3/15)

Altars:
Fedhas
Trog

Annotations:
D:3 Ijyb


Message History

The wall freezes the orc priest!
The wall freezes the orc.
The orc hits you with a +0 morningstar!
Unknown command.
Casting: Frozen Ramparts (quite dangerous; 4% risk of failure)
Confirm with . or Enter, or press ? or * to list all spells.
Aiming: Freeze (safe; 1% risk of failure)
Press: ? - help, Shift-Dir - straight line, f - orc priest
Aim: an orc priest, wielding a +0 club (heavily wounded)
You freeze the orc priest.
The orc priest is severely wounded.
A leopard gecko comes into view.
The wall freezes the orc priest.
The orc priest calls upon Beogh to heal the orc.
The orc is healed somewhat.
A jackal comes into view.
The wall freezes the orc. x2; The orc closely misses you.
The leopard gecko moves out of view.
Unknown command.
Casting: Freeze (safe; 1% risk of failure)
Confirm with . or Enter, or press ? or * to list all spells.
Aiming: Freeze (safe; 1% risk of failure)
Press: ? - help, Shift-Dir - straight line, f/p - orc priest
Aim: an orc priest, wielding a +0 club (almost dead)
You freeze the orc priest.
You kill the orc priest!
The wall freezes the orc priest.
Your Ice Magic skill increases to level 5!
Unknown command.
Casting: Freeze (safe; 1% risk of failure)
Confirm with . or Enter, or press ? or * to list all spells.
Aiming: Freeze (safe; 1% risk of failure)
Press: ? - help, Shift-Dir - straight line, f - orc
Aim: an orc, wielding a +0 morningstar (almost dead)
You freeze the orc.
You kill the orc!
The wall freezes the orc priest!
The orc priest calls down the wrath of Beogh upon you.
Beogh smites you!
Ouch! That really hurt!
You die...

. ... (# ... ..#
#g# ##l..# #.#
###o.h... #.#
#)oog.... # #.#
#@#
#####.#.#######.#
.....?..........#
....##..#<#####.#
# #..#.# #.#
#..... #..
#...... ...
#.#...## ###
#.##.##


You could see an orc priest, 2 orcs, a leopard gecko, a jackal and a goblin.

Vanquished Creatures
  An orc priest (D:3)
  Robin (D:2)
  A gnoll (D:1)
  2 adders (D:2)
  2 worms (D:2)
  2 dart slugs
  An orc (D:3)
  2 giant cockroaches
  15 goblins
  4 hobgoblins
  4 jackals (D:1)
  3 quokkas (D:2)
  A ball python (D:1)
  6 bats
  2 kobolds
47 creatures vanquished.

Notes
Turn   | Place    | Note
-------+----------+-------------------------------------------
     0 | D:1      | sahdkjhfkaj the Deep Elf Ice Elementalist began the quest
                  | for the Orb.
     0 | D:1      | Reached XP level 1. HP: 10/10 MP: 6/6
    24 | D:1      | Reached skill level 4 in Spellcasting
    24 | D:1      | Reached XP level 2. HP: 15/15 MP: 3/9
   495 | D:1      | Reached XP level 3. HP: 19/19 MP: 7/11
   497 | D:1      | Reached skill level 5 in Spellcasting
  1206 | D:2      | Learned a level 3 spell: Frozen Ramparts
  1457 | D:2      | Noticed Robin
  1469 | D:2      | Killed Robin
  1470 | D:2      | Reached skill level 6 in Spellcasting
  1470 | D:2      | Reached XP level 4. HP: 23/24 MP: 7/14
  1725 | D:2      | Found a blossoming altar of Fedhas.
  1726 | D:2      | Found a bloodstained altar of Trog.
  2111 | D:3      | Noticed Ijyb
  2342 | D:3      | Reached skill level 5 in Ice Magic
  2342 | D:3      | Killed from afar by an orc priest

Illustrated notes

Levels and vault maps discovered:
D:1:      dpeg_arrival_fog, layout_rooms, kennysheep_small_spiral,
          minmay_pentomino_s2
D:2:      layout_basic, gammafunk_temple_overflow_wave, uniq_robin
D:3:      layout_loops_ring, gup_sewer_entry_spiral, gammafunk_ghost_arena,
          uniq_ijyb

Skill      XL: |  1  2  3  4 |
---------------+-------------+-----
Spellcasting   | 4 6 |  6.0
Ice Magic      | 5 |  5.2
Dodging        | |  2.4
Stealth        | |  2.4

Action                   |  1- 3 |  4- 6 || total
-------------------------+-------+-------++-------
Melee: Unarmed           |     8 |     1 ||     9
 Cast: Freeze            |    42 |    12 ||    54
       Frozen Ramparts   |     4 |     3 ||     7
 Stab: Sleeping          |     1 |       ||     1
Armor: Robe              |     9 |     2 ||    11
Dodge: Dodged            |    27 |     4 ||    31

Table legend: (Time is in decaauts)
 A = Elapsed time spent in this place.
 B = Non-inter-level travel time spent in this place.
 C = Inter-level travel time spent in this place.
 D = Time resting spent in this place.
 E = Time spent auto-exploring this place.
 F = Levels seen in this place.
 G = Mean time per level.
                   A        B        C        D        E       F      G
               +--------+--------+--------+--------+--------+-----+--------+
         Total |   2342 |   2259 |     83 |    196 |   1791 |   3 |  780.7 |
       Dungeon |   2342 |   2259 |     83 |    196 |   1791 |   3 |  780.7 |
               +--------+--------+--------+--------+--------+-----+--------+

Top non-repeatable levels by time:
     D:2: 1555 daAuts
     D:1: 769 daAuts
     D:3: 17 daAuts
